 Dungeon Crawl Stone Soup version 0.27.1 (webtiles) character file.

Game seed: 5924606259593011449

48 greenlake the Skirmisher (level 3, -1/37 HPs)
             Began as a Troll Fighter on Aug 30, 2021.
             Was a Believer of Lugonu.
             Frozen to death by an endoplasm (4 damage)
             ... on level 2 of the Dungeon.
             The game lasted 00:03:54 (586 turns).

greenlake the Skirmisher (Troll Fighter)             Turns: 586, Time: 00:03:55

Health: -1/37      AC:  4    Str: 25    XL:     3   Next: 50%
Magic:  2/2        EV: 10    Int:  4    God:    Lugonu [**....]
Gold:   31         SH:  0    Dex:  9    Spells: 2/2 levels left

rFire    . . .     SeeInvis .     - Unarmed
rCold    . . .     Faith    .   (no shield)
rNeg     . . .     Spirit   .   b - +0 robe
rPois    .         Reflect  .   (helmet restricted)
rElec    .         Harm     .   (no cloak)
rCorr    .         Rampage  .   (gloves unavailable)
Will     .....                  (boots unavailable)
Stlth    +.........             (no amulet)
HPRegen  1.12/turn              (no ring)
MPRegen  0.08/turn              (no ring)

@: no status effects
A: large, unfitting armour, claws 3, regeneration 1, shaggy fur 1, tough skin 1
a: Renounce Religion, Depart the Abyss, Bend Space


You were on level 2 of the Dungeon.
You worshipped Lugonu.
Lugonu was pleased with you.
You visited 1 branch of the dungeon, and saw 2 of its levels.

You collected 31 gold pieces.

Inventory:

Hand Weapons
 a - a +0 flail
Armour
 b - a +0 robe (worn)
 c - a +0 kite shield
Scrolls
 f - a scroll of vulnerability {unknown}
 g - a scroll of immolation {unknown}
 h - a scroll of teleportation {unknown}
Potions
 d - a potion of might
 e - a potion of ambrosia {unknown}
 i - a potion of lignification {unknown}


   Skills:
 + Level 3.1 Fighting
 - Level 1.9 Maces & Flails
 - Level 2.4 Dodging
 - Level 2.4 Shields
 + Level 2.0 Unarmed Combat


You had 2 spell levels left.
You didn't know any spells.
Your spell library contained the following spells:

 Spells                   Type           Power      Damage    Failure   Level
 Summon Small Mammal      Summ           0%         N/A       50%         1
 Call Canine Familiar     Summ           0%         N/A       86%         3
 Summon Guardian Golem    Hex/Summ       0%         N/A       86%         3


Dungeon Overview and Level Annotations

Branches:
Dungeon (2/15)

Altars:
Lugonu

Annotations:
D:2 Sigmund


Innate Abilities, Weirdness & Mutations

You are too large for most types of armour.
You have claws for hands.
Your natural rate of healing is unusually fast.
You are covered in fur. (AC +1)
You have tough skin. (AC +1)


Message History

Sigmund is heavily wounded.
Sigmund casts a spell at you. The magic dart hits you!
You scratch Sigmund but do no damage.
Sigmund is heavily wounded.
An endoplasm comes into view.
Sigmund closely misses you.
You barely miss Sigmund.
Sigmund is heavily wounded.
Sigmund barely misses you.
You claw Sigmund!
Sigmund is severely wounded.
The endoplasm closely misses you.
You scratch Sigmund but do no damage.
Sigmund is severely wounded.
Sigmund completely misses you. The endoplasm freezes you.
You are frozen.
You scratch Sigmund.
Sigmund is almost dead.
The endoplasm hits you but does no damage.
Sigmund casts a spell at you. The magic dart hits you!
You scratch Sigmund.
Sigmund is almost dead.
The endoplasm hits you but does no damage.
Sigmund asks, "Do you like me?" Sigmund hits you with a +0 scythe!
* * * LOW HITPOINT WARNING * * *
You scratch Sigmund.
Sigmund is almost dead.
The endoplasm hits you.
* * * LOW HITPOINT WARNING * * *
You closely miss Sigmund.
Sigmund is almost dead.
The endoplasm barely misses you. Sigmund hits you with a +0 scythe.
* * * LOW HITPOINT WARNING * * *
The endoplasm freezes you.
You are frozen.
You die...

.......)...........
#####+#..)#.#........
........#.#.+........
........#.###.......#
.....>..†............
........#...#........
........+...+........
........#...#........
........#####@.......
............J@J..#...
.................#...
......<..........# ..
...........#
#..........#
#..........#
#...........


You could see Sigmund and 2 endoplasms.

Vanquished Creatures
  An adder (D:2)
  A dart slug (D:1)
  A worm (D:2)
  6 endoplasms
  2 giant cockroaches (D:1)
  6 goblins
  2 hobgoblins (D:1)
  3 jackals (D:1)
  3 ball pythons
  2 bats (D:1)
  A frilled lizard (D:1)
  4 kobolds (D:1)
  A rat (D:1)
33 creatures vanquished.

Notes
Turn   | Place    | Note
-------+----------+-------------------------------------------
     0 | D:1      | greenlake the Troll Fighter began the quest for the Orb.
     0 | D:1      | Reached XP level 1. HP: 22/22 MP: 0/0
     7 | D:1      | Noticed a gargoyle
     7 | D:1      | Noticed a vine stalker
     9 | D:1      | Noticed a vampire
     9 | D:1      | Noticed a barachi
    11 | D:1      | Noticed a formicid
    11 | D:1      | Noticed a troll
    13 | D:1      | Noticed a tengu
    13 | D:1      | Noticed a spriggan
    15 | D:1      | Noticed a dwarf
    15 | D:1      | Noticed a palentonga
    17 | D:1      | Noticed a felid
    17 | D:1      | Noticed a merfolk
    19 | D:1      | Noticed a ghoul
    21 | D:1      | Noticed a djinni
    21 | D:1      | Noticed a human
    23 | D:1      | Noticed an ogre
    23 | D:1      | Noticed a draconian
    25 | D:1      | Noticed a demigod
    25 | D:1      | Noticed a minotaur
    27 | D:1      | Noticed a naga
    29 | D:1      | Noticed a demonspawn
    29 | D:1      | Noticed an octopode
    31 | D:1      | Noticed an elf
    42 | D:1      | Found a faded altar of an unknown god.
    78 | D:1      | Became a worshipper of Lugonu the Unformed
    78 | D:1      | Reached * piety under Lugonu
    78 | D:1      | Reached ** piety under Lugonu
   139 | D:1      | Reached XP level 2. HP: 28/29 MP: 1/1
   172 | D:1      | Reached skill level 1 in Unarmed Combat
   276 | D:1      | Reached skill level 3 in Fighting
   323 | D:1      | Reached XP level 3. HP: 37/37 MP: 2/2
   573 | D:2      | Noticed Sigmund
   586 | D:2      | Frozen to death by an endoplasm

Illustrated notes

Levels and vault maps discovered:
D:1:      kb_arrival_jail, layout_rooms, ebering_ecumenical_altar_rust
D:2:      layout_basic, chequers_hall_statues_y, uniq_sigmund, uniq_natasha

Skill      XL: |  1  2  3 |
---------------+----------+-----
Unarmed Combat | 1 2 |  2.0
Fighting       | 3 |  3.1
Maces & Flails | |  1.9
Dodging        | |  2.4
Shields        | |  2.4

Action                   || total
-------------------------++-------
Melee: Unarmed           ||    93
       Flail             ||    12
Armor: Robe              ||    60
Dodge: Dodged            ||    67
